Map: Echo LE (Void)

Players

JonSnow

  • Race: Zerg Zerg

lIlIlIlIlI

  • Race: Zerg Zerg

MaSa (Nina)

  • Race: Terran Terran

Kelazhur

  • Race: Terran Terran

Event: Team Gravity's Fight Night #13

VOD

https://www.youtube.com/watch?v=8zqqsS00DPA&list=PL_BOlLcv8KbhFbvTakl6AYJq-DW01oMw_

Description

Time

  • Played on: April 5, 2015, 6:56 p.m.
  • Length: 20:34

All games in this series

Show
View Real Time Build Order
Export as new Build Order

JonSnow Zerg 

Build Orders: Hatch First, Muta Ling Bane 

Get SALT Encoding   

  12  0:00  Drone  
  13  0:12  Overlord  
  13  0:18  Drone  
  14  0:30  Drone x2  
  16  0:46  Drone  
  17  0:51  Hatchery  
  17  0:56  Drone  
  17  1:00  Extractor  
  16  1:12  Spawning Pool  
  16  1:14  Drone  
  16  1:21  Drone  
  16  1:22  Drone  
  18  1:28  Drone  
  19  1:41  Overlord  
  19  1:49  Drone  
  20  1:58  Queen  
  20  2:00  Zergling x2  
  23  2:03  Metabolic Boost  
  23  2:06  Queen  
  25  2:10  Zergling x2  
  25  2:15  Drone x2  
  28  2:21  Drone  
  29  2:26  Drone  
  30  2:33  Spore Crawler  
  30  2:35  Drone  
  30  2:40  Drone  
  30  2:42  Drone  
  33  2:46  Queen  
  33  2:47  Drone  
  36  2:53  Overlord  
  36  2:57  Overlord  
  36  3:07  Lair  
  36  3:11  Drone x6  
  42  3:16  Drone  
  42  3:17  Drone  
  42  3:18  Extractor  
  42  3:19  Extractor  
  42  3:22  Extractor  
  42  3:24  Drone  
  42  3:25  Drone  
  43  3:28  Overlord  
  43  3:29  Drone  
  43  3:33  Drone  
  45  3:40  Drone  
  45  3:41  Drone  
  47  3:49  Drone x2  
  47  3:50  Drone x2  
  51  3:56  Spine Crawler  
  51  3:58  Drone x2  
  51  3:59  Drone  
  51  4:02  Overlord  
  53  4:08  Spire  
  52  4:12  Overseer  
  52  4:15  Zergling x6  
  52  4:16  Zergling x2  
  56  4:21  Overlord  
  56  4:23  Spore Crawler  
  55  4:25  Spore Crawler  
  55  4:26  Drone  
  55  4:28  Drone  
  55  4:30  Zergling x2  
  57  4:38  Overlord  
  57  4:39  Overlord  
  57  4:46  Evolution Chamber  
  57  4:49  Drone x2  
  58  4:57  Overlord  
  57  5:17  Overlord, Zerg Ground Armor Level 1  
  57  5:23  Mutalisk  
  57  5:24  Mutalisk x4  
  57  5:26  Mutalisk  
  57  5:27  Hatchery  
  68  5:29  Mutalisk  
  70  5:38  Mutalisk  
  72  5:43  Mutalisk  
  72  5:49  Drone  
  76  5:50  Drone  
  76  5:53  Drone x2  
  76  5:56  Drone  
  79  5:57  Mutalisk  
  79  5:58  Zergling x2  
  79  5:59  Zergling x10  
  79  6:02  Overlord  
  87  6:04  Drone  
  87  6:10  Baneling Nest  
  87  6:18  Drone x2  
  87  6:19  Drone x2  
  87  6:20  Infestation Pit  
  87  6:25  Drone x4  
  93  6:29  Drone x2  
  93  6:31  Drone  
  96  6:42  Extractor x2  
  96  6:43  Overlord x2  
  94  6:49  Zergling x6  
  94  6:53  Overlord  
  97  6:56  Drone  
  97  6:57  Evolution Chamber  
  97  7:00  Drone x5  
  102  7:06  Hive  
  102  7:13  Pneumatized Carapace  
  102  7:14  Zerg Ground Armor Level 2  
  102  7:15  Zergling x4  
  102  7:16  Zergling x2  
  102  7:21  Overlord  
  101  7:27  Overseer  
  101  7:30  Zerg Melee Weapons Level 1  
  101  7:31  Centrifical Hooks  
  101  7:41  Queen  
  103  7:48  Zergling x12  
  103  7:49  Zergling x2  
  103  7:51  Baneling x4  
  110  7:53  Hatchery  
  109  8:02  Baneling x3  
  109  8:03  Zergling x2  
  109  8:04  Zergling x16  
  117  8:06  Baneling x3  
  117  8:07  Baneling  
  117  8:12  Zergling x10  
  122  8:18  Zergling x8  
  126  8:21  Baneling x4  
  119  8:29  Zergling x12  
  119  8:31  Overlord  
  106  8:43  Ultralisk Cavern  
  105  8:58  Drone x2, Overlord  
  105  8:59  Overlord  
  105  9:01  Adrenal Glands  
  107  9:16  Drone x2  
  109  9:23  Overseer  
  107  9:26  Zerg Melee Weapons Level 2  
  107  9:29  Chitinous Plating  
  107  9:30  Ultralisk x3  
  125  9:33  Ultralisk  
  125  9:35  Overseer  
  131  9:39  Queen  
  131  9:44  Mutalisk x3  
  139  9:52  Queen  
  139  9:55  Ultralisk  
  143  10:06  Ultralisk  
  148  10:09  Drone x2  
  148  10:17  Pathogen Glands  
  143  10:24  Drone x3  
  143  10:26  Drone x3, Extractor  
  143  10:27  Drone, Extractor  
  148  10:31  Queen  
  150  10:41  Zerg Ground Armor Level 3  
  150  10:43  Overlord  
  149  10:57  Infestor x2  
  149  11:00  Zergling x14  
  149  11:04  Zergling x2  
  150  11:12  Extractor  
  150  11:14  Zergling x2  
  150  11:15  Zergling x2  
  150  11:18  Infestor  
  148  11:21  Infestor  
  150  11:26  Infestor  
  150  11:32  Zergling x2  
  153  11:33  Zergling x10  
  153  11:37  Drone x2  
  154  11:42  Infestor  
  154  11:44  Zergling x8  
  155  11:57  Zergling x18  
  164  12:05  Overlord  
  164  12:07  Overlord  
  164  12:09  Drone x2  
  166  12:19  Ultralisk  
  166  12:22  Zergling x14  
  169  12:25  Zergling x4  
  147  12:32  Zergling x4  
  146  12:40  Zergling x4  
  134  13:03  Zergling x20  
  144  13:10  Zergling x2  
  123  13:34  Drone  
  123  13:35  Drone  
  113  13:50  Overlord x2  
  113  13:54  Ultralisk Cavern  
  113  13:55  Zergling x8  
  107  13:56  Zergling x10  
  116  14:02  Zergling x2  
  116  14:03  Zergling x2  
  116  14:09  Zergling x2  
  120  14:10  Zergling x4  
  120  14:13  Baneling  
  120  14:14  Baneling x11  
  120  14:16  Zergling x2  
  113  14:21  Zergling x4  
  113  14:22  Zergling x2  
  104  14:24  Baneling  
  104  14:25  Baneling  
  82  14:43  Ultralisk x5  
  112  14:50  Zergling x2  
  112  14:56  Zergling x20  
  113  15:00  Zergling x4  
  113  15:04  Ultralisk, Zergling x4  
  118  15:08  Zergling x6  
  118  15:10  Extractor  
  118  15:11  Extractor  
  118  15:14  Zergling x4  
  116  15:31  Hatchery  
  90  15:59  Drone x2  
  90  16:03  Hatchery  
  91  16:04  Zergling x10  
  91  16:05  Zergling x4  
  86  16:15  Zergling x4  
  86  16:16  Zergling x6  
  85  16:24  Zergling x6  
  82  16:39  Zergling x12  
  88  16:46  Overseer  
  82  17:05  Ultralisk  
  85  17:09  Baneling  
  85  17:10  Baneling x3  
  85  17:13  Baneling  
  85  17:14  Baneling  
  85  17:15  Extractor  
  85  17:16  Extractor, Baneling  
  85  17:22  Zergling x2  
  84  17:23  Zergling x30  
  84  17:28  Baneling x2  
  84  17:29  Baneling  
  99  17:37  Drone x3  
  100  17:44  Queen  
  100  18:09  Ultralisk x2  
  100  18:12  Hatchery  
  106  18:25  Zergling x10  
  108  18:30  Infestor  
  108  18:43  Infestor  
  105  18:50  Zergling x8  
  99  19:03  Hatchery  
  99  19:08  Zergling x4  
  84  19:18  Zergling x4  
  84  19:22  Zergling x2  
  81  19:32  Zergling x2  
  71  20:01  Zergling x8  
  77  20:10  Zergling x2  
Show
View Real Time Build Order
Export as new Build Order

lIlIlIlIlI Zerg 

Build Orders:  

Get SALT Encoding   

  12  0:00  SCV  
  13  0:12  SCV  
  14  0:17  Supply Depot  
  14  0:25  SCV  
  15  0:39  SCV  
  15  0:40  Barracks  
  16  0:44  Refinery  
  16  0:51  SCV  
  17  1:03  SCV  
  18  1:15  SCV  
  19  1:27  Orbital Command  
  19  1:28  Reaper  
  20  1:37  Command Center  
  20  1:53  SCV  
  21  1:56  Refinery  
  21  2:01  Barracks Reactor  
  21  2:05  SCV  
  22  2:17  SCV  
  22  2:22  Factory  
  23  2:48  Marine x2  
  23  2:49  SCV, Orbital Command  
  26  2:52  Bunker  
  26  3:01  SCV  
  27  3:10  Command Center, Starport  
  27  3:13  SCV  
  27  3:16  Hellion x2  
  27  3:17  Barracks Tech Lab  
  32  3:20  SCV  
  32  3:26  Supply Depot  
  33  3:27  SCV  
  33  3:33  SCV  
  35  3:37  Hellion  
  35  3:41  SCV  
  38  3:45  Barracks Tech Lab  
  38  3:47  SCV  
  38  3:48  Hellion  
  41  3:49  Supply Depot  
  41  3:54  SCV  
  41  3:58  Banshee  
  41  3:59  SCV  
  45  4:04  Supply Depot  
  45  4:06  SCV  
  46  4:10  Marine  
  46  4:13  Stimpack  
  46  4:14  SCV  
  48  4:21  Barracks  
  48  4:24  Barracks  
  48  4:26  Factory Reactor, Orbital Command  
  48  4:28  Marine  
  48  4:29  SCV  
  50  4:32  SCV  
  50  4:35  Engineering Bay  
  51  4:39  Engineering Bay  
  51  4:41  SCV  
  51  4:45  SCV  
  53  4:49  Marine  
  53  4:50  Starport Reactor  
  53  4:52  SCV  
  55  4:54  SCV  
  55  4:57  SCV  
  57  5:02  Widow Mine x2  
  57  5:03  Terran Infantry Weapons Level 1  
  57  5:04  SCV  
  57  5:07  SCV, Terran Infantry Armor Level 1, Marine  
  60  5:15  Missile Turret, Marine x3  
  60  5:18  SCV x2  
  65  5:21  Supply Depot  
  65  5:22  SCV, Missile Turret  
  65  5:26  Refinery  
  66  5:30  SCV  
  66  5:31  SCV  
  66  5:33  Widow Mine x2  
  70  5:36  SCV  
  70  5:38  Factory  
  70  5:40  Refinery  
  70  5:41  Marine x3  
  70  5:42  SCV  
  75  5:44  Starport Reactor  
  75  5:46  Supply Depot  
  75  5:50  Marine x2  
  75  5:52  SCV  
  75  5:56  SCV, Missile Turret  
  76  5:59  SCV, Marine  
  76  6:01  Marine  
  76  6:04  Missile Turret  
  79  6:05  Barracks  
  79  6:07  Barracks  
  79  6:10  Missile Turret  
  79  6:11  SCV  
  79  6:12  Supply Depot  
  79  6:15  Armory  
  79  6:16  SCV  
  79  6:17  Marine  
  82  6:18  Marine x2  
  82  6:19  Widow Mine  
  82  6:22  Widow Mine  
  82  6:23  Widow Mine  
  82  6:25  Marine  
  91  6:29  Medivac  
  92  6:34  Medivac  
  95  6:40  SCV  
  95  6:45  Marine x2  
  95  6:46  SCV, Marine  
  99  6:52  Supply Depot x2  
  99  6:55  Barracks Reactor x2, Orbital Command  
  99  6:56  SCV  
  99  6:58  SCV  
  101  7:13  Medivac x2, Widow Mine x2  
  101  7:14  Thor, SCV  
  116  7:17  Marine  
  116  7:21  Supply Depot  
  117  7:23  Supply Depot, Barracks  
  117  7:26  Missile Turret, Barracks  
  117  7:29  Bunker  
  117  7:32  Marine  
  117  7:36  Terran Infantry Weapons Level 2  
  117  7:37  Terran Infantry Armor Level 2  
  117  7:43  SCV, Marine  
  118  7:45  SCV  
  118  7:49  Combat Shields  
  119  7:53  Marine  
  119  7:54  Marauder, Marine x2  
  119  7:57  Widow Mine x2  
  128  7:58  SCV  
  128  7:59  SCV  
  128  8:01  Refinery  
  128  8:03  Supply Depot  
  129  8:07  Marine x2  
  129  8:09  Marine x2  
  133  8:15  Barracks Tech Lab x2  
  133  8:23  SCV  
  133  8:24  Marine  
  133  8:25  Marauder, Medivac x2, Marine x4  
  137  8:27  Marine  
  123  8:34  Marauder, Marine x2  
  123  8:35  Supply Depot, Starport, Marauder  
  123  8:41  SCV x2  
  129  8:42  Marine  
  129  8:46  Marauder  
  129  8:47  Marine x3  
  127  8:49  Marine x2  
  127  8:51  Widow Mine  
  127  8:52  Starport, Widow Mine  
  133  8:56  Marauder  
  133  8:59  Marauder, Marine x2  
  133  9:00  Marine  
  139  9:04  Marine  
  139  9:11  Marauder, Marine x3  
  139  9:12  Concussive Shells  
  139  9:13  Medivac x2  
  139  9:14  Refinery  
  148  9:17  Supply Depot  
  148  9:22  Starport Tech Lab  
  148  9:24  Marine  
  148  9:27  Marine  
  148  9:34  Starport Tech Lab  
  148  9:36  Command Center  
  148  9:37  Terran Vehicle and Ship Weapons Level 1  
  148  9:39  Thor  
  148  9:45  Widow Mine x2  
  157  9:56  Supply Depot x2  
  157  9:58  Supply Depot  
  157  10:04  Terran Infantry Weapons Level 3  
  157  10:08  Marauder  
  157  10:15  Marine x2  
  157  10:16  Marine  
  157  10:17  Banshee, Widow Mine x2, Marine x5  
  157  10:18  Marauder  
  157  10:19  Banshee  
  169  10:29  Thor  
  175  10:36  Supply Depot  
  175  10:37  Supply Depot, Marine  
  175  10:38  Marine  
  175  10:41  Marauder  
  175  10:42  Medivac  
  181  10:57  Medivac  
  181  11:00  Banshee  
  181  11:03  Marauder x2, Marine  
  191  11:04  Marine  
  191  11:05  Widow Mine x2  
  191  11:06  Banshee  
  189  11:19  Missile Turret  
  188  11:27  Missile Turret  
  188  11:29  Siege Tank  
  182  11:41  Marauder x3  
  182  11:45  Banshee  
  188  11:51  Planetary Fortress  
  186  11:56  Widow Mine  
  186  11:57  Widow Mine  
  190  12:01  Terran Infantry Armor Level 3  
  190  12:02  Terran Vehicle and Ship Weapons Level 2, Marauder  
  190  12:05  Marine x3  
  190  12:06  Marine  
  190  12:08  Marine  
  197  12:17  Marauder, Marine  
  188  12:25  Marine  
  188  12:26  Marine x2, Marauder  
  150  12:33  Marauder, Marine x3  
  131  12:39  Marine x2, Marauder  
  131  12:43  Marine  
  120  12:44  Marine x2  
  120  12:47  Banshee, Widow Mine, Marauder  
  120  12:48  Widow Mine  
  128  12:54  Marauder  
  128  12:56  Marine x2  
  128  12:57  Medivac x2  
  131  13:00  Marauder  
  129  13:05  Marine x2  
  129  13:06  Marine x4  
  129  13:08  Marauder  
  127  13:14  Starport Tech Lab, Marine x2  
  127  13:16  Marauder  
  126  13:22  Marauder  
  126  13:23  Marine x3  
  126  13:26  Marine x2  
  126  13:27  Medivac x2, Widow Mine, Marine  
  133  13:28  Widow Mine  
  133  13:30  Thor, Marauder  
  147  13:37  Marauder  
  129  13:48  Orbital Command  
  123  13:59  Marine x4  
  123  14:00  Marauder x3  
  133  14:06  Marine x3  
  136  14:12  Marine  
  136  14:17  Marine  
  124  14:25  Marine x3  
  124  14:26  Marauder, Marine  
  107  14:31  Marine x3  
  107  14:38  Widow Mine, Marauder x2  
  113  14:51  Marauder, Marine x4  
  114  14:55  Orbital Command  
  114  14:59  Marauder  
  107  15:03  Marauder, Marine x4  
  113  15:11  Marine x4  
  113  15:12  Marauder  
  119  15:21  Marauder, Marine x3  
  121  15:25  Marauder  
  121  15:28  Medivac x2  
  121  15:29  Marine  
  121  15:34  Marauder  
  128  15:41  Orbital Command  
  128  15:42  Marauder  
  128  15:44  Banshee, Marine  
  128  15:46  Marauder  
  128  15:49  Orbital Command  
  115  15:52  Marine  
  115  15:55  Marauder  
  106  16:01  Marine x2  
  106  16:04  Marauder  
  97  16:06  Marine  
  97  16:07  Marauder  
  97  16:10  Marine  
  95  16:14  Marine x2  
  95  16:17  Marauder  
  87  16:19  Marine x2  
  87  16:24  Marine  
  87  16:25  Marauder  
  91  16:28  Medivac, Marine x4  
  95  16:33  SCV x3  
  95  16:37  Marine  
  95  16:38  Marine x2  
  101  16:44  Marine x2  
  101  16:45  SCV  
  106  16:47  Marauder  
  106  16:48  Medivac  
  107  16:54  Banshee  
  107  16:57  Marine  
  107  16:58  Marine x2  
  107  16:59  Marine  
  112  17:03  Marine  
  111  17:11  Marauder x2, Marine x2  
  111  17:14  SCV, Orbital Command  
  118  17:18  Marauder  
  118  17:19  Marine  
  118  17:22  SCV  
  122  17:27  Medivac  
  124  17:35  SCV  
  124  17:37  Marauder  
  126  17:46  Marauder x2, Marine x2  
  126  17:48  Marine  
  126  17:49  Marine  
  134  17:56  SCV x2  
  134  17:57  Marine  
  124  17:58  SCV  
  124  18:04  Marine x2  
  126  18:08  SCV  
  125  18:28  Marauder  
  125  18:29  Marauder  
  125  18:32  SCV x3  
  132  18:40  Orbital Command  
  131  18:42  Marauder, Marine  
  131  18:45  Marine x2  
  128  18:48  Marine  
  118  19:04  Marauder, Marine  
  118  19:09  SCV  
  122  19:15  Marine  
  118  19:20  SCV  
  117  19:24  Medivac  
  117  19:26  SCV  
  120  19:32  SCV  
  120  19:36  Marauder x2  
  125  19:38  SCV  
  126  19:47  SCV x2  
  126  19:50  SCV  
  129  19:59  SCV  
  127  20:03  Marine x4  
  127  20:04  Marine  
  130  20:11  Marine x2  
  130  20:12  SCV x2, Marauder x2, Marine  
  139  20:18  SCV  
Show
View Real Time Build Order
Export as new Build Order

MaSa Terran 

Build Orders:  

Get SALT Encoding   

Show
View Real Time Build Order
Export as new Build Order

Kelazhur Terran 

Build Orders:  

Get SALT Encoding   


Tags
 
Add a new tag
Caveats
  • Supply blocks, unpowered buildings, or Contaminate may cause inaccurate times.
  • Supply counts are checked every 10 seconds.